 Dungeon Crawl Stone Soup version 0.29-a0-207-gf982a884d8 (webtiles) character file.

Game seed: 15115168675342701368

359 bande the Covered (level 6, -10/38 HPs)
             Began as a Gargoyle Fighter on Feb 23, 2022.
             Mangled by an ogre
             ... wielding a +0 giant spiked club
              (11 damage)
             ... on level 3 of the Dungeon.
             The game lasted 00:04:50 (3468 turns).

bande the Covered (Gargoyle Fighter)                Turns: 3468, Time: 00:04:51

Health: -10/38     AC: 11    Str: 19    XL:     6   Next: 65%
Magic:  6/6        EV:  9    Int:  9    God:
Gold:   162        SH:  5    Dex: 11    Spells: 5/5 levels left

rFire   . . .      SeeInvis +   a - +0 war axe
rCold   . . .      Faith    .   c - +1 buckler
rNeg    + . .      Spirit   .   b - +0 scale mail
rPois   ∞          Reflect  .   (no helmet)
rElec   +          Harm     .   (no cloak)
rCorr   .          Rampage  .   (no gloves)
Will    .....                   (no boots)
Stlth   ..........              (no amulet)
HPRegen 0.12/turn               i - ring of see invisible
MPRegen 0.10/turn               (no ring)

@: hasted, very quick
A: sickness immunity, AC +4, negative energy resistance 1, electricity
resistance, torment resistance 1, petrification resistance
a: no special abilities


You were on level 3 of the Dungeon.
You visited 1 branch of the dungeon, and saw 4 of its levels.

You collected 162 gold pieces.

Inventory:

Hand Weapons
 a - a +0 war axe (weapon)
 h - a +0 flail
Missiles
 j - a throwing net (quivered)
Armour
 b - a +0 scale mail (worn)
 c - a +1 buckler (worn)
Jewellery
 i - a ring of see invisible (left hand)
Scrolls
 f - 6 scrolls of teleportation
 g - a scroll of enchant armour
Potions
 d - a potion of might
 e - a potion of attraction {unknown}
 k - a potion of resistance {unknown}
 m - a potion of flight {unknown}
 n - a potion of heal wounds {unknown}
 o - a potion of cancellation {unknown}


   Skills:
 + Level 4.2 Fighting
 + Level 4.4 Axes
 + Level 4.9 Armour
 + Level 4.0 Shields


You had 5 spell levels left.
You didn't know any spells.
Your spell library contained the following spells:

 Spells                   Type           Power      Damage    Failure   Level
 Static Discharge         Conj/Air       0%         N/A       92%         2
 Conjure Flame            Conj/Fire      0%         6-21      99%         3
 Ignite Poison            Fire/Tmut/Pois 0%         N/A       99%         3
 Sticky Flame             Conj/Fire      0%         2d3       100%        4
 Lightning Bolt           Conj/Air       0%         1d11      100%        5
 Maxwell's Capacitive Co  Air            0%         ∞         100%        8


Dungeon Overview and Level Annotations

Branches:
Dungeon (4/15)
 Temple: D:4-7

Altars:
Elyvilon

Shops:
D:1 [   D:2 [


Innate Abilities, Weirdness & Mutations

You are immune to sickness and miasma.
Your stone body is resilient. (AC +4)
You are immune to poison.
You resist negative energy. (rN+)
You are resistant to electric shocks. (rElec)
You are resistant to unholy torment.
You are immune to petrification.


Message History

The phantom is lightly damaged.
The phantom barely misses you.
You hit the phantom.
The phantom is moderately damaged.
The phantom hits you but does no damage.
You slash the phantom!
The phantom is heavily damaged.
The phantom hits you. The phantom barely misses you.
You slash the phantom!
The phantom is almost destroyed.
You block the phantom's attack.
You slash the phantom!
You destroy the phantom!
You start resting.
HP restored.
You start waiting.
Done waiting.
There is a stone staircase leading down, spattered with blood here.
You see here a +0 club.
You climb downwards.
The endoplasm quivers.
A kobold comes into view. It is wielding a +0 short sword.
The ogre hits you with a +0 giant spiked club!!
Ouch! That really hurt!
There is a stone staircase leading up here.
The ogre closely misses you.
You climb upwards.
There is a stone staircase leading down, spattered with blood here.
You see here a +0 club.
You hit the ogre.
The ogre is lightly wounded.
The ogre hits you with a +0 giant spiked club!
* * * LOW HITPOINT WARNING * * *
You hit the ogre but do no damage.
The ogre is lightly wounded.
The ogre barely misses you.
Unknown command.
It was a potion of haste.
You feel yourself speed up.
The ogre hits you with a +0 giant spiked club!
You die...

##)..........## ###.......
######.##.### ####.##.###.#
#.##.# #....########
####.##.##########.########...
#>............................
###..##.§...#....#####..#####.
##.######.#.#######..## #..
#..........O.......## ###.#
#.###.....@.######## #.#.# #.#
#...#.........## #.#.# #.#
#...###.##[##..####.... ####.#
#######.##.###...#...##
#....## #.....# ###....###
##....# #.#.#.# ###..##
###..### #.#.<.# ###....##
#....# ##.##..####...#...#
#..#.####..##...##..###.#..


You could see an ogre.

Vanquished Creatures
  A sky beast (D:3)
  A phantom (D:3)
  An iguana (D:3)
  An orc wizard (D:2)
  7 adders
  A worm (D:2)
  A dart slug (D:3)
  6 orcs
  6 ball pythons
  5 bats
  5 endoplasms
  3 giant cockroaches
  5 goblins
  5 hobgoblins
  8 jackals (D:3)
  2 quokkas
  A frilled lizard (D:3)
  3 kobolds
  6 rats
68 creatures vanquished.

Notes
Turn   | Place    | Note
-------+----------+-------------------------------------------
     0 | D:1      | bande the Gargoyle Fighter began the quest for the Orb.
     0 | D:1      | Reached XP level 1. HP: 14/14 MP: 1/1
     1 | D:1      | Noticed a minotaur zombie
    13 | D:1      | Noticed a merfolk zombie
    17 | D:1      | Noticed a minotaur zombie
    50 | D:1      | Found a faded altar of an unknown god.
   289 | D:1      | Found Uppaesh's Antique Armour Shop.
   313 | D:1      | Reached XP level 2. HP: 18/19 MP: 2/2
  1005 | D:2      | Reached XP level 3. HP: 16/24 MP: 3/3
  1521 | D:2      | Found Utoeluse's Antique Armour Shop.
  1704 | D:2      | Reached XP level 4. HP: 28/29 MP: 4/4
  2313 | D:3      | Found a white marble altar of Elyvilon.
  2342 | D:3      | Reached XP level 5. HP: 33/33 MP: 5/5
  2919 | D:3      | Noticed a sky beast
  2940 | D:3      | Killed a sky beast
  2941 | D:3      | Reached XP level 6. HP: 21/38 MP: 6/6
  3466 | D:3      | HP: 1/38 [ogre/+0 giant spiked club (16)]
  3468 | D:3      | Mangled by an ogre

Illustrated notes

Levels and vault maps discovered:
D:1:      shiori_arrival_whats_in_store_for_you, layout_basic,
          dreamdust_ecumenical_altar_statues, serial_shops,
          nicolae_shop_crystal, minmay_bisected
D:2:      layout_loops_corners, serial_shops, shop, minmay_misc_feat_cross,
          kennysheep_generic_room_16
D:3:      layout_rooms, nicolae_elyvilon_peaceful_grove, palyth_stone_intersect,
          nicolae_concentric_dashed_squares_wild
D:4:      layout_cave_pools, kennysheep_little_box,
          lemuel_coloured_pillars_altar, lemuel_tele_altar,
          minmay_temple_entry_mist

Skill      XL: |  1  2  3  4  5  6 |
---------------+-------------------+-----
Axes           | 2 3 4 |  4.4
Armour         | 4 |  4.9
Fighting       | 4 |  4.2
Shields        | 4 |  4.0

Action                   |  1- 3 |  4- 6 || total
-------------------------+-------+-------++-------
Melee: War axe           |    76 |   123 ||   199
  Use: Scroll            |     6 |     2 ||     8
       Potion            |       |     1 ||     1
Armor: Scale mail        |    43 |    66 ||   109
Dodge: Dodged            |    44 |    66 ||   110
Block: Buckler           |    14 |    37 ||    51

Table legend: (Time is in decaauts)
 A = Elapsed time spent in this place.
 B = Non-inter-level travel time spent in this place.
 C = Inter-level travel time spent in this place.
 D = Time resting spent in this place.
 E = Time spent auto-exploring this place.
 F = Levels seen in this place.
 G = Mean time per level.
                   A        B        C        D        E       F      G
               +--------+--------+--------+--------+--------+-----+--------+
         Total |   3551 |   3352 |    199 |    399 |   2398 |   4 |  887.8 |
       Dungeon |   3551 |   3352 |    199 |    399 |   2398 |   4 |  887.8 |
               +--------+--------+--------+--------+--------+-----+--------+

Top non-repeatable levels by time:
     D:3: 1353 daAuts
     D:2: 1247 daAuts
     D:1: 945 daAuts
     D:4: 5 daAuts
